 Dungeon Crawl Stone Soup version 0.30.0-29-ga12c61a403 (webtiles) character file.

Game seed: 10830717240472214973

688 101zpm the Magician (level 7, 0/45 HPs)
             Began as a Djinni Fire Elementalist on June 12, 2023.
             Slain by an orc wizard
             ... wielding a +0 dagger
              (4 damage)
             ... on level 4 of the Dungeon.
             The game lasted 00:08:58 (3331 turns).

101zpm the Magician (Djinni Fire Elementalist)      Turns: 3331, Time: 00:08:58

Health: 0/45       AC:  2    Str:  7    XL:     7   Next: 94%
Gold:   171        EV: 12    Int: 18    God:
                   SH:  0    Dex: 14

rFire   + + .        s - +7 Throatcutter {drain, coup de grace}
rCold   x . .        (no shield)
rNeg    . . .        a - +0 robe
rPois   ∞            (no helmet)
rElec   .            (no cloak)
rCorr   .            (no gloves)
SInv    .            (boots unavailable)
Will    .....        (no amulet)
Stlth   ++           (no ring)
HPRegen 0.27/turn    (no ring)
MPRegen 0.00/turn

%: infuse magic (-1 HP)
@: flying
A: sickness immunity, fire resistance 2, cold vulnerability 1, float, innate
caster, HP casting, extra vitality 1
a: no special abilities


You were on level 4 of the Dungeon.
You visited 1 branch of the dungeon, and saw 4 of its levels.

You collected 171 gold pieces.

Inventory:

Hand Weapons
 s - the +7 Throatcutter (weapon) {drain, coup de grace}
   (You took it off Terence on level 3 of the Dungeon)
Armour
 a - a +0 robe (worn)
Wands
 k - a wand of paralysis (18)
 p - a wand of polymorph (7)
Scrolls
 b - a scroll of enchant weapon {unknown}
 e - 3 scrolls of teleportation {unknown}
 f - 3 scrolls of poison {unknown}
 g - a scroll of amnesia {unknown}
 h - 3 scrolls of identify {unknown}
 l - 4 scrolls of fog {unknown}
 n - a scroll of fear {unknown}
 r - a scroll of enchant armour {unknown}
Potions
 c - 3 potions of might {unknown}
 d - a potion of heal wounds {unknown}
 i - a potion of lignification {unknown}
 j - a potion of flight {unknown}
 m - 4 potions of curing {unknown}
 o - a potion of resistance {unknown}
 q - a potion of degeneration {unknown}


   Skills:
 + Level 2.5 Dodging
 + Level 2.2 Stealth
 + Level 6.4 Spellcasting


You knew the following spells:

 Your Spells              Type           Power      Damage    Failure   Level
a - Foxfire               Conj/Fire      100%       2x1d9     1%          1
b - Scorch                Fire           58%        2d7       1%          2
c - Volatile Blastmotes   Fire/Tloc      58%        2d14      2%          3
d - Inner Flame           Hex/Fire       29%        N/A       2%          3
e - Flame Wave            Conj/Fire      29%        2d9       8%          4
f - Magic Dart            Conj           100%       1d8       1%          1
g - Lesser Beckoning      Tloc           58%        N/A       1%          2
h - Dazzling Flash        Conj/Hex       58%        N/A       2%          3
Your spell library was empty.

Dungeon Overview and Level Annotations

Branches:
Dungeon (4/15)
 Temple: D:4-7

Altars:
The Shining One


Innate Abilities, Weirdness & Mutations

You are immune to sickness and miasma.
You are immune to poison.
Your flesh is very heat resistant. (rF++)
You are vulnerable to cold. (rC-)
You float through the air rather than walking.
You learn spells naturally, not from books.
Your magical power is your life essence.
You have superior vitality. (+4 MHP)


Message History

An orc priest comes into view. It is wielding a +0 morningstar.
Casting: Scorch (safe; 1% risk of failure)
Confirm with . or Enter, or press ? or * to list all spells.
Flames lash the hound.
The hound is burned terribly!
You kill the hound!
* * * LOW HITPOINT WARNING * * *
The orc wizard casts a spell at you. The puff of flame misses you.
Casting: Scorch (safe; 1% risk of failure)
Confirm with . or Enter, or press ? or * to list all spells.
Aiming: Inner Flame (dangerous; 2% risk of failure)
Press: ? - help, Dir - move target, f/p - orc wizard
Aim: an orc wizard, wielding a +0 dagger and wearing a +0 robe (chance to affect: 83%)
The orc wizard is filled with an inner flame.
* * * LOW HITPOINT WARNING * * *
The orc wizard gestures at you while chanting.
You easily resist.
Casting: Inner Flame (dangerous; 2% risk of failure)
Confirm with . or Enter, or press ? or * to list all spells.
Flames lash the quokka.
The quokka is almost dead.
The quokka's fire resistance burns away.
* * * LOW HITPOINT WARNING * * *
The quokka closely misses you.
Your magical contamination has completely faded away.
The quokka bites you but does no damage.
The orc wizard casts a spell.
The orc wizard flickers and vanishes!
Deactivating autopickup; reactivate with Ctrl-A.
The quokka attacks as you move away! The quokka barely misses you.
The quokka is no longer more vulnerable to fire.
The quokka attacks as you move away! The quokka closely misses you.
You barely miss the quokka.
The quokka is almost dead.
The quokka closely misses you.
The quokka bites you but does no damage.
You slash the quokka!
You kill the quokka!
You slash something!
Flame seeps out of something. x2; Something hits you.
You die...

.. ...###? .......
.)..#..####
..........#
..........########
....)○○...o{@....#
.#..).o.######.#
#.☼☼...# #.##.###
# #<# #.# #.# #.#
#.#


You could see an orc priest and an orc.

Vanquished Creatures
  Grinder (D:3)
  Sigmund (D:3)
  A scorpion (D:4)
  A hound (D:4)
  2 orc priests
  Terence (D:3)
  Ijyb (D:3)
  9 adders (D:2)
  2 worms (D:2)
  5 orcs
  10 ball pythons
  6 bats
  4 endoplasms
  4 giant cockroaches
  3 goblins
  4 hobgoblins
  2 kobolds
  3 quokkas
  2 frilled lizards
  6 rats
68 creatures vanquished.

Vanquished Creatures (others)
  115 foxfires
115 creatures vanquished.

Grand Total: 183 creatures vanquished

Notes
Turn   | Place    | Note
-------+----------+-------------------------------------------
     0 | D:1      | 101zpm the Djinni Fire Elementalist began the quest for the
                  | Orb.
     0 | D:1      | 101zpm set off with the following spells memorised:
                  | Foxfire, Scorch, Volatile Blastmotes, Inner Flame, Flame
                  | Wave.
     0 | D:1      | Reached XP level 1. HP: 15/15 MP: 0/0
   160 | D:1      | Reached XP level 2. HP: 17/21 MP: 0/0
   904 | D:1      | Reached skill level 3 in Spellcasting
   966 | D:2      | Reached XP level 3. HP: 23/25 MP: 0/0
   966 | D:2      | Learned a level 1 spell: Magic Dart
  1277 | D:2      | Reached XP level 4. HP: 27/31 MP: 0/0
  1404 | D:2      | Reached skill level 4 in Spellcasting
  1442 | D:2      | Reached XP level 5. HP: 31/35 MP: 0/0
  1442 | D:2      | Learned a level 2 spell: Lesser Beckoning
  2396 | D:3      | Noticed Sigmund
  2398 | D:3      | Killed Sigmund
  2399 | D:3      | Reached skill level 5 in Spellcasting
  2399 | D:3      | Reached XP level 6. HP: 35/40 MP: 0/0
  2497 | D:3      | Noticed Ijyb
  2500 | D:3      | Paralysed by Ijyb for 5 turns
  2501 | D:3      | Killed Ijyb
  2785 | D:3      | Noticed Terence
  2789 | D:3      | Noticed Grinder
  2791 | D:3      | Killed Terence
  2791 | D:3      | Killed Grinder
  2792 | D:3      | Reached skill level 6 in Spellcasting
  2792 | D:3      | Reached XP level 7. HP: 32/45 MP: 0/0
  2792 | D:3      | Learned a level 3 spell: Dazzling Flash
  2932 | D:3      | Found a glowing golden altar of the Shining One.
  3331 | D:4      | Slain by an orc wizard

Illustrated notes

Levels and vault maps discovered:
D:1:      spicycebolla_arrival_xxxplode, layout_basic
D:2:      layout_loops_ring, serial_aquarium, aquarium_bridge_straight
          [aquarium_subvault_bridge, aquarium_subvault_wall,
          aquarium_subvault_bridge, aquarium_subvault_window],
          aquarium_window_fake, aquarium_window_1, aquarium_window_fake,
          aquarium_view_2e, aquarium_view_2e, aquarium_balcony_3a,
          chequers_serial_rivers_room_a, minmay_snake_closets
D:3:      layout_basic, tso_altar, kiku_gazebo_garden_becter,
          chequers_serial_rivers_micro_a, kennysheep_generic_room_3, uniq_ijyb,
          uniq_sigmund, uniq_grinder, uniq_terence
D:4:      layout_loops_ring, nicolae_overflow_hidden_temple,
          cheibrodos_worm_habitat, serial_shops, nicolae_shop_rolled_up,
          chequers_serial_rivers_small_a, roderic_serpentine_path, uniq_duvessa,
          uniq_crazy_yiuf_cottage

Skill      XL: |  1  2  3  4  5  6 |
---------------+-------------------+-----
Spellcasting   | 3 4 5 6 |  6.4
Stealth        | 2 |  2.2
Dodging        | |  2.5

Action                     |  1- 3 |  4- 6 |  7- 9 || total
---------------------------+-------+-------+-------++-------
  Melee: Long sword        |       |       |     3 ||     3
   Cast: Foxfire           |    36 |    23 |     8 ||    67
         Scorch            |    24 |    31 |     7 ||    62
         Inner Flame       |       |    21 |     6 ||    27
         Lesser Beckoning  |       |     3 |       ||     3
         Magic Dart        |       |     4 |       ||     4
         Volatile Blastmot |       |       |     1 ||     1
 Armour: Robe              |     4 |     2 |     2 ||     8
  Dodge: Dodged            |     7 |     7 |     5 ||    19
